 Dungeon Crawl Stone Soup version 0.29-a0-789-g7a8fcbc185 (webtiles) character file.

Game seed: 5190634611155217723

158 purpskrrrp the Sneak (level 5, -4/26 HPs)
             Began as a Vine Stalker Brigand on July 3, 2022.
             Slain by Menkaure (8 damage)
             ... on level 4 of the Dungeon.
             The game lasted 00:12:55 (3570 turns).

purpskrrrp the Sneak (Vine Stalker Brigand)         Turns: 3570, Time: 00:12:56

Health: -4/26      AC:  4    Str: 14    XL:     5   Next: 39%
Magic:  0/6        EV: 11    Int: 11    God:
Gold:   194        SH:  4    Dex: 17    Spells: 4/4 levels left

rFire   x . .      SeeInvis .   k - +2 whip (drain)
rCold   + . .      Faith    .   i - +0 buckler
rNeg    . . .      Spirit   +   b - +0 robe
rPois   .          Reflect  .   (no helmet)
rElec   .          Harm     .   c - +1 cloak
rCorr   .          Rampage  .   (no gloves)
Will    .....                   (no boots)
Stlth   ++++......              (no amulet)
HPRegen 0.88/turn               p - ring of ice
MPRegen 0.10/turn               (no ring)

@: no status effects
A: fangs 2, regeneration 1, magic shield, antimagic bite, no potion heal 2
a: no special abilities


You were on level 4 of the Dungeon.
You visited 1 branch of the dungeon, and saw 4 of its levels.

You collected 194 gold pieces.

Inventory:

Hand Weapons
 a - a +2 dagger
 f - a +0 dagger of flaming
 k - a +2 whip of draining (weapon)
 u - a +3 short sword
Missiles
 d - 19 poisoned darts (quivered)
 e - 3 curare-tipped darts
Armour
 b - a +0 robe (worn)
 c - a +1 cloak (worn)
 i - a +0 buckler (worn)
Jewellery
 p - a ring of ice (left hand)
Scrolls
 j - 2 scrolls of vulnerability {unknown}
 l - 2 scrolls of teleportation
 m - a scroll of identify
 n - a scroll of immolation {unknown}
 t - 2 scrolls of brand weapon {unknown}
Potions
 g - 4 potions of curing
 h - a potion of might
 o - a potion of berserk rage {unknown}
 q - a potion of haste {unknown}
 r - a potion of brilliance {unknown}
 s - 2 potions of flight {unknown}


   Skills:
 + Level 1.9 Fighting
 + Level 2.1 Short Blades
 + Level 0.8 Maces & Flails
 - Level 1.7 Throwing
 + Level 1.3 Dodging
 * Level 7.4 Stealth
 + Level 0.2 Shields


You had 4 spell levels left.
You didn't know any spells.
Your spell library contained the following spells:

 Spells                   Type           Power      Damage    Failure   Level
 Foxfire                  Conj/Fire      0%         2x1d4     43%         1
 Static Discharge         Conj/Air       0%         3-3/arc   58%         2
 Freezing Cloud           Conj/Ice/Air   0%         6-21      100%        5
 Orb of Destruction       Conj           0%         9d5       100%        7


Dungeon Overview and Level Annotations

Branches:
Dungeon (4/15)
 Temple: D:4-7

Altars:
Cheibriados
Dithmenos

Shops:
D:4 !

Annotations:
D:4 1 runed translucent door, Crazy Yiuf, Menkaure


Innate Abilities, Weirdness & Mutations

You have extremely sharp teeth.
Your natural rate of healing is unusually fast.
When hurt, damage is shared between your health and your magic reserves.
Your bite disrupts and absorbs the magic of your enemies.
Potions cannot restore your health.


Message History

Menkaure shouts!
You hit the orc but do no damage. You bite the orc.
You kill the orc!
The orc barely misses you.
You hit the orc but do no damage. You drain the orc. You bite the orc.
You drain its power.
You feel invigorated.
The orc is heavily wounded.
The orc barely misses you. The orc hits you but does no damage.
You hit the orc.
You kill the orc!
A hound comes into view.
The orc hits you from afar with a +0 trident.
The orc completely misses you.
You see here a +0 whip.
The hound barks!
You hit the orc. You drain the orc.
You kill the orc!
You hit Menkaure but do no damage.
Menkaure gestures at you while chanting.
Pain shoots through your body!
You hit Menkaure. Your bite misses Menkaure.
Menkaure is lightly damaged.
You block the hound's attack. Menkaure hits you.
The hound bites you but does no damage.
You hit Menkaure. You bite Menkaure.
Menkaure's magic leaks into the air.
You drain his magic.
You feel invigorated.
Menkaure is heavily damaged.
The hound misses you. Menkaure hits you!
* * * LOW HITPOINT WARNING * * *
You are too injured to fight recklessly!
You barely miss Menkaure.
Menkaure is heavily damaged.
The hound bites you but does no damage.
A goblin comes into view. It is wielding a +0 club.
The hound closely misses you. Menkaure hits you.
* * * LOW HITPOINT WARNING * * *
You hit Menkaure.
Menkaure is severely damaged.
The hound barely misses you. Menkaure hits you!
You die...

.## .# ### #... #...
#.... #.#...########
.#....h.)....###+
..$...M@.....#..#
.#.#..######.#..#
..........).+..+###+###
.g....######.#..#.+...+.
... #.#..#.#...#. #.
#.'##'.#._.#. .
#.#..#.#...#.
#.#..#.'...+.
#.+..+###'###


You could see Menkaure (magic disrupted), a hound and a goblin.

Vanquished Creatures
  An orc priest (D:4)
  7 adders
  2 dart slugs
  3 orcs (D:4)
  4 bats
  2 endoplasms
  2 giant cockroaches
  11 goblins
  6 hobgoblins
  A jackal (D:2)
  A quokka (D:2)
  5 ball pythons
  4 frilled lizards (D:2)
  6 kobolds
  5 rats
60 creatures vanquished.

Vanquished Creatures (others)
  A fungus (D:4)
1 creature vanquished.

Grand Total: 61 creatures vanquished

Notes
Turn   | Place    | Note
-------+----------+-------------------------------------------
     0 | D:1      | purpskrrrp the Vine Stalker Brigand began the quest for the
                  | Orb.
     0 | D:1      | Reached XP level 1. HP: 11/11 MP: 2/2
   177 | D:2      | Reached skill level 5 in Stealth
   733 | D:1      | Reached XP level 2. HP: 14/15 MP: 3/3
  1877 | D:2      | Reached XP level 3. HP: 18/18 MP: 4/4
  1898 | D:2      | Reached skill level 6 in Stealth
  1913 | D:2      | Reached skill level 1 in Dodging
  2134 | D:2      | Gained mutation: Your natural rate of healing is unusually
                  | fast. [Vine Stalker growth]
  2134 | D:2      | Reached XP level 4. HP: 23/23 MP: 5/5
  2293 | D:2      | Got Vehumet's Compendium of Conjuration
  2350 | D:2      | Found a faded altar of an unknown god.
  2687 | D:3      | Reached skill level 7 in Stealth
  2909 | D:3      | Found a snail-covered altar of Cheibriados.
  2966 | D:3      | Reached XP level 5. HP: 26/26 MP: 6/6
  3400 | D:4      | Found a runed translucent door.
  3401 | D:4      | Noticed Crazy Yiuf
  3473 | D:4      | Found Gukeliri's Distillery.
  3527 | D:4      | Found a shadowy altar of Dithmenos.
  3560 | D:4      | Noticed Menkaure
  3570 | D:4      | Slain by Menkaure

Illustrated notes

Levels and vault maps discovered:
D:1:      dpeg_arrival_castle, layout_basic
D:2:      minmay_thinvault, layout_rooms,
          chequers_ecumenical_altar_simple_redux, minmay_tetromino_i2
D:3:      layout_loops_cross, kennysheep_slug_shrine,
          minmay_misc_feat_four_crosses, grunt_decor_mini_mirrors, minivault_14
D:4:      layout_loops_ring, mainiacjoe_overflow_24_doors, serial_shops, shop,
          shop, nicolae_shop_advertising_works [nicolae_subvault_shop_adworks],
          shop, nicolae_shop_hallway_plus, uniq_robin, uniq_menkaure,
          uniq_crazy_yiuf_cottage

Skill      XL: |  1  2  3  4 |
---------------+-------------+-----
Stealth        | 5 6 7 |  7.4
Short Blades   | 2 |  2.1
Dodging        | 1 |  1.3
Fighting       | |  1.9
Maces & Flails | |  0.8
Throwing       | |  1.7
Shields        | |  0.2

Action                   |  1- 3 |  4- 6 || total
-------------------------+-------+-------++-------
Melee: Dagger            |    45 |       ||    45
       Bite              |    14 |    16 ||    30
       Whip              |    36 |    65 ||   101
       Punch             |     1 |       ||     1
Throw: Dart              |       |     1 ||     1
  Use: Scroll            |     1 |     5 ||     6
 Stab: Sleeping          |    10 |    11 ||    21
Armor: Robe              |    12 |    12 ||    24
Dodge: Dodged            |    55 |    24 ||    79
Block: Buckler           |    14 |     8 ||    22

Table legend: (Time is in decaauts)
 A = Elapsed time spent in this place.
 B = Non-inter-level travel time spent in this place.
 C = Inter-level travel time spent in this place.
 D = Time resting spent in this place.
 E = Time spent auto-exploring this place.
 F = Levels seen in this place.
 G = Mean time per level.
                   A        B        C        D        E       F      G
               +--------+--------+--------+--------+--------+-----+--------+
         Total |   3585 |   3327 |    258 |    902 |   1913 |   4 |  896.2 |
       Dungeon |   3585 |   3327 |    258 |    902 |   1913 |   4 |  896.2 |
               +--------+--------+--------+--------+--------+-----+--------+

Top non-repeatable levels by time:
     D:1: 1346 daAuts
     D:2: 1274 daAuts
     D:3: 770 daAuts
     D:4: 193 daAuts
